 Dungeon Crawl Stone Soup version 0.31.0-32-g396128a36d (webtiles) character file.

Game seed: 380411745108799398

10233 Gloo1 the Cleaver (level 11, -8/101 HPs)
             Began as a Minotaur Berserker on Mar 18, 2024.
             Was an Elder of Trog.
             Mangled by an orc warrior
             ... wielding a +0 battleaxe
             ... led by an orc knight
              (14 damage)
             ... on level 2 of the Orcish Mines.
             The game lasted 00:49:49 (6639 turns).

Gloo1 the Cleaver (Minotaur Berserker)              Turns: 6639, Time: 00:49:54

Health: -8/101     AC: 16    Str: 26    XL:     11   Next: 33%
Magic:  10/10      EV:  9    Int:  4    God:    Trog [****..]
Gold:   786        SH:  0    Dex: 16    Spells: 10/10 levels left

rFire   . . .        x - +5 war axe (freeze)
rCold   . . .        (no shield)
rNeg    + . .        w - +1 plate armour {rN+}
rPois   .            (helmet restricted)
rElec   .            (no cloak)
rCorr   .            (no gloves)
SInv    .            (no boots)
Will    .....        (no amulet) Stlth
                     s - +4 ring of slaying
HPRegen 0.36/turn    r - +6 ring of dexterity
MPRegen 0.12/turn

%: no passive effects
@: on berserk cooldown, slowed, very slow
A: horns 2, retaliatory headbutt
a: Renounce Religion, Berserk, Trog's Hand, Brothers in Arms


You were on level 2 of the Orcish Mines.
You worshipped Trog.
Trog was greatly pleased with you.
You visited 3 branches of the dungeon, and saw 12 of its levels.

You collected 786 gold pieces.

Inventory:

Hand Weapons
 a - a +0 hand axe
 g - a +2 vampiric whip
 x - a +5 war axe of freezing (weapon)
Armour
 i - a +1 chain mail
 p - a +1 pair of gloves of stealth
 w - a +1 plate armour of positive energy (worn)
Jewellery
 j - a ring of flight
 q - a ring of resist corrosion
 r - a +6 ring of dexterity (right hand)
 s - a +4 ring of slaying (left hand)
 t - a +6 ring of strength
Talismans
 c - a serpent talisman
 f - a beast talisman
Wands
 d - a wand of polymorph (8)
Scrolls
 b - 2 scrolls of fear
 e - 3 scrolls of identify (quivered)
 h - a scroll of fog
 k - a scroll of blinking {unknown}
 l - a scroll of enchant weapon {unknown}
 m - 3 scrolls of teleportation
Potions
 v - 2 potions of ambrosia


   Skills:
 + Level 10.7 Fighting
 + Level 13.7 Axes
 + Level 12.1 Armour
 + Level 3.5 Dodging
 + Level 1.5 Stealth
 + Level 0.3 Evocations
 + Level 2.7 Shapeshifting


You had 10 spell levels left.
You didn't know any spells.
Your spell library was empty.

Dungeon Overview and Level Annotations

Branches:
Dungeon (9/15)             Temple (1/1) D:4             Orc (2/2) D:9
   Lair: D:8-11         Elf: Orc:2

Altars:
Ashenzari
Cheibriados
Dithmenos
Elyvilon
Fedhas
Hepliaklqana
Kikubaaqudgha
Makhleb
Nemelex Xobeh
Okawaru
Qazlal
Trog
Uskayaw
Vehumet
Wu Jian
Xom
Zin
The Shining One

Shops:
D:4 (   Orc:1 :


Innate Abilities, Weirdness & Mutations

You have a pair of horns on your head.
You reflexively headbutt those who attack you in melee.


Message History

You closely miss the warg. You slash the warg! You freeze the warg.
You kill the warg!
Trog accepts your kill. The warg bites you but does no damage.
The orc knight hits you with a +0 war axe!
A two-headed ogre comes into view. It is wielding two +0 giant clubs.
The warg attacks as it pursues you! The warg barely misses you.
You furiously retaliate!
You headbutt the warg.
Things that are here:
a +0 war axe; an orc corpse You feel a strong urge to attack something.
The orc priest hits you with a +0 flail.
The warg bites you!
* * * LOW HITPOINT WARNING * * *
The orc knight roars a battlecry!
The orcs go into a battle-frenzy!
The orc priest barely misses you. You furiously retaliate!
You headbutt the orc priest!!
You kill the orc priest!
Trog accepts your kill.
Things that are here:
a +0 dagger; a +0 leather armour; an orc corpse
Okay, then.
The warg bites you!
* * * LOW HITPOINT WARNING * * *
The orc priest looks braver for a moment.
The orc warrior hits you with a +0 battleaxe!
* * * LOW HITPOINT WARNING * * *
You see here a +1 flail of draining.
You feel your anger nearly subside.
You are no longer berserk.
You are exhausted.
You feel yourself slow down. The warg barely misses you.
You fail to use your ability.
The warg misses you. You furiously retaliate!
You headbutt the warg!
The orc priest hits you with a +0 flail!
* * * LOW HITPOINT WARNING * * *
You hear some strange, mumbled words.
Something tries to affect you, but you resist.
The orc warrior hits you with a +0 battleaxe!
You die...

................
.......O........
................
...............#
.....o........##
...............#
.......oo.....#
......o)h....##
..........@o).###
..............#
#..#.........##
#............##
##.............#
#..............##
#.....##........#
###............####
###...._........##


You could see 2 orc knights, a two-headed ogre, a warg, an orc warrior (strong),
an orc priest (strong) and an orc (strong).

Vanquished Creatures
  An orc sorcerer (Orc:1)
  A rust devil (D:9)
  A smoke demon (D:9)
  Maggie (D:7)
  The ghost of aIck the Skirmisher, a novice DEHu (D:5)
  A red devil (D:9)
  2 trolls
  A hellwing (D:9)
  A hornet (D:9)
  The ghost of riffraff the Chopper, an amateur HOFi of Hepliaklqana (D:4)
  7 yaks
  2 wyverns (D:9)
  2 wargs
  3 steam dragons
  Menkaure (D:5)
  Duvessa (D:6)
  2 acid dragons
  2 water moccasins (D:7)
  A black bear (D:7)
  A sky beast (D:8)
  5 ogres
  6 orc warriors
  2 centaurs (D:5)
  2 phantoms (D:5)
  3 bullfrogs
  2 kobold brigands
  3 scorpions
  18 wights
  Dowan (D:6)
  5 howler monkeys
  A bombardier beetle (D:5)
  2 jellies
  3 quasits (D:5)
  7 orc priests
  3 hounds
  Jessica (D:2)
  8 iguanas
  9 orc wizards
  Terence (D:2)
  14 adders
  A gnoll (D:3)
  2 white imps
  5 dart slugs
  3 ribbon worms
  26 orcs
  4 bats
  4 endoplasms
  A giant cockroach (D:4)
  8 goblins
  5 hobgoblins
  2 jackals (D:4)
  4 quokkas
  8 ball pythons
  A frilled lizard (D:2)
  11 kobolds
  5 rats
219 creatures vanquished.

Vanquished Creatures (collateral kills)
  3 yaks (D:9)
  A kobold brigand (D:9)
  An orc priest (D:9)
  An orc wizard (D:9)
  5 kobolds (D:9)
11 creatures vanquished.

Grand Total: 230 creatures vanquished

Notes
Turn   | Place    | Note
-------+----------+-------------------------------------------
     0 | D:1      | Gloo1 the Minotaur Berserker began the quest for the Orb.
     0 | D:1      | Reached XP level 1. HP: 19/19 MP: 0/0
   148 | D:1      | Found a faded altar of an unknown god.
   200 | D:1      | Reached XP level 2. HP: 26/27 MP: 1/1
   516 | D:2      | Reached skill level 4 in Axes
   544 | D:2      | Noticed Jessica
   563 | D:2      | Killed Jessica
   564 | D:2      | Reached XP level 3. HP: 22/34 MP: 2/2
   759 | D:2      | Noticed Terence
   779 | D:2      | Killed Terence
   780 | D:2      | Reached XP level 4. HP: 17/41 MP: 3/3
   963 | D:2      | Reached skill level 5 in Axes
   986 | D:3      | Reached ** piety under Trog
  1137 | D:3      | Reached skill level 5 in Fighting
  1256 | D:3      | Reached XP level 5. HP: 43/48 MP: 4/4
  1349 | D:3      | Noticed an ogre
  1351 | D:3      | Found an ornate altar of the Wu Jian Council.
  1360 | D:3      | Killed an ogre
  1361 | D:3      | Reached XP level 6. HP: 16/57 MP: 5/5
  1468 | D:4      | Found Aniweik's Weapon Boutique.
  1551 | D:4      | Found a staircase to the Ecumenical Temple.
  1595 | Temple   | Entered the Ecumenical Temple
  1889 | D:4      | Found a runed translucent door.
  1889 | D:4      | Noticed riffraff's ghost (amateur HOFi)
  1908 | D:4      | Killed riffraff's ghost
  1909 | D:4      | Reached skill level 6 in Axes
  1909 | D:4      | Reached skill level 1 in Shapeshifting
  1909 | D:4      | Reached XP level 7. HP: 63/63 MP: 6/6
  2041 | D:4      | Found an ancient bone altar of Kikubaaqudgha.
  2196 | D:5      | Entered Level 5 of the Dungeon
  2201 | D:5      | Reached skill level 5 in Armour
  2206 | D:5      | Reached skill level 7 in Axes
  2233 | D:5      | Found a glowing silver altar of Zin.
  2317 | D:5      | Found a large runed translucent door.
  2317 | D:5      | Found a large runed translucent door.
  2321 | D:5      | Found a large runed translucent door.
  2321 | D:5      | Found a large runed translucent door.
  2371 | D:5      | Reached *** piety under Trog
  2502 | D:5      | Reached skill level 8 in Axes
  2502 | D:5      | Reached XP level 8. HP: 60/71 MP: 7/7
  2601 | D:5      | Reached skill level 1 in Stealth
  2603 | D:5      | Noticed Menkaure
  2608 | D:5      | Killed Menkaure
  2618 | D:5      | HP: 4/109 [acid dragon (5)]
  2628 | D:5      | HP: 5/109 [yak (1)]
  2687 | D:5      | Found a transporter.
  2749 | D:5      | Noticed aIck's ghost (novice DEHu)
  2766 | D:5      | Found a transporter.
  2772 | D:5      | Reached skill level 9 in Axes
  2832 | D:5      | Killed aIck's ghost
  2833 | D:5      | Reached XP level 9. HP: 80/80 MP: 8/8
  3009 | D:5      | Found a snail-covered altar of Cheibriados.
  3229 | D:6      | Noticed Dowan
  3229 | D:6      | Noticed Duvessa
  3238 | D:6      | Killed Dowan
  3239 | D:6      | Reached skill level 10 in Axes
  3242 | D:6      | Killed Duvessa
  3261 | D:6      | HP: 4/81 [orc priest/divine providence (17)]
  4338 | D:7      | Noticed Maggie
  4354 | D:7      | Killed Maggie
  4355 | D:7      | Reached skill level 11 in Axes
  4581 | D:8      | Reached XP level 10. HP: 76/90 MP: 9/9
  4665 | D:8      | Reached skill level 10 in Armour
  4754 | D:8      | Reached **** piety under Trog
  4967 | D:8      | Reached skill level 12 in Axes
  5440 | D:9      | Reached skill level 10 in Fighting
  5529 | D:9      | Paralysed by a hornet for 1 turns
  5535 | D:9      | Noticed a smoke demon
  5548 | D:9      | Killed a smoke demon
  5563 | D:9      | Noticed a rust devil
  5573 | D:9      | Killed a rust devil
  5602 | D:9      | Reached XP level 11. HP: 40/100 MP: 10/10
  5681 | D:9      | Identified the +2 helmet "Dahet" {MP+9 Int+4}
  5741 | D:9      | Reached skill level 13 in Axes
  5894 | D:9      | Found a staircase to the Orcish Mines.
  6019 | Orc:1    | Entered Level 1 of the Orcish Mines
  6019 | Orc:1    | Found Riupt's Book Shop.
  6032 | Orc:1    | Noticed an orc sorcerer
  6040 | Orc:1    | Killed an orc sorcerer
  6330 | Orc:2    | Entered Level 2 of the Orcish Mines
  6626 | Orc:2    | Noticed an orc knight
  6627 | Orc:2    | Noticed an orc knight
  6635 | Orc:2    | Noticed a two-headed ogre
  6639 | Orc:2    | Mangled by an orc warrior

Illustrated notes

Levels and vault maps discovered:
D:1:      lightli_arrival_chessboard, layout_loops_ring,
          shapermc_ecumenical_altar_petra
D:2:      layout_basic, uniq_jessica, uniq_terence, uniq_sigmund
D:3:      layout_rooms, lemuel_doored_altar, biasface_ghost_orc_armoury,
          cheibrodos_gnoll_hut
D:4:      layout_loops_cross, mainiacjoe_overflow_six_doors_small,
          temple_pool_b, hellmonk_ghost_happy_afterlife, serial_shops,
          nicolae_shop_tiny_glass
D:5:      layout_basic, zin_statuary, kennysheep_mini,
          gammafunk_ghost_stat_death, minmay_hollow_rounded_squares,
          uniq_menkaure
D:6:      layout_basic, nicolae_elevator_lobby_plus, uniq_duvessa
D:7:      layout_basic, nicolae_underground_beach, uniq_maggie
D:8:      layout_cave_pools
D:9:      layout_basic, orc_0_dummy, nicolae_where_there's_smoke
Temple:   dpeg_chambers_temple
Orc:1:    layout_caves, serial_shops, shop, nicolae_orc_rockfall
Orc:2:    grunt_orc_tribal_feast, layout_diamond_mine, basic_altar,
          nicolae_orc_crystal_geode

Skill      XL: |  1  2  3  4  5  6  7  8  9 10 11 |
---------------+----------------------------------+-----
Fighting       | 4 5 6 7 8 10 | 10.7
Axes           | 4 5 6 8 9 11 12 13 | 13.7
Armour         | 3 4 5 7 9 11 12 | 12.1
Shapeshifting  | 1 2 |  2.7
Dodging        | 3 |  3.5
Stealth        | 1 |  1.5
Evocations     | |  0.3

Action                     |  1- 3 |  4- 6 |  7- 9 | 10-12 || total
---------------------------+-------+-------+-------+-------++-------
  Melee: Hand axe          |    42 |   112 |   182 |       ||   336
         Headbutt          |     8 |    21 |    44 |    23 ||    96
         Punch             |       |     2 |     2 |     3 ||     7
         War axe           |       |       |    11 |   139 ||   150
 Invoke: Berserk           |     2 |     2 |    10 |     6 ||    20
         Trog's Hand       |       |       |     2 |     4 ||     6
         Brothers in Arms  |       |       |       |     1 ||     1
  Evoke: Wand              |       |       |       |     1 ||     1
    Use: Scroll            |     5 |     1 |     2 |     5 ||    13
         Potion            |       |     1 |     9 |     4 ||    14
 Armour: Leather armour    |    13 |       |       |       ||    13
         Chain mail        |    16 |    94 |    30 |       ||   140
         Plate armour      |       |       |   166 |   192 ||   358
  Dodge: Dodged            |    32 |    59 |    89 |    83 ||   263
   Form: Beast             |       |     1 |       |       ||     1
                           |       |       |     1 |       ||     1
         Serpent           |       |       |     1 |       ||     1
